Map: Simulacrum LE

Players

Kaberrow

  • Race: Zerg Zerg
  • Spawn Location: 5:00

Ratl - Winner!

  • Race: Protoss Protoss
  • League: Silver
  • Spawn Location: 11:00

VOD

Have the link to the VOD?

Description

Time

  • Played on: Feb. 6, 2020, 12:35 p.m.
  • Length: 12:24
Show
View Real Time Build Order
Export as new Build Order

Kaberrow Zerg 

Build Orders: Pool First 

Get SALT Encoding   

  12  0:20  Spawning Pool  
  11  0:27  Drone x2  
  13  0:32  Drone  
  14  0:47  Extractor  
  13  1:03  Overlord  
  13  1:04  Overlord  
  13  1:23  Zergling x4  
  15  1:36  Drone x2  
  17  2:08  Queen  
  17  2:11  Zergling x6  
  20  3:14  Zergling x4  
  20  3:15  Zergling x2  
  20  3:18  Metabolic Boost  
  23  3:40  Hatchery  
  22  3:54  Zergling x4, Overlord x2  
  22  3:55  Zergling x2  
  25  4:09  Drone  
  26  4:25  Drone x4  
  21  5:43  Drone x3  
  21  5:45  Queen  
  26  5:51  Zergling x2  
  26  5:52  Zergling x10  
  26  5:56  Lair  
  32  6:25  Zergling x10  
  37  6:34  Drone x3  
  40  6:44  Extractor  
  39  7:00  Drone  
  39  7:01  Drone, Overlord  
  30  7:56  Zergling x10  
  35  8:02  Zergling x10  
  40  8:37  Spire  
  40  8:38  Drone x2  
  40  8:39  Drone  
  42  8:44  Zergling x10  
  47  9:09  Hydralisk Den  
  46  9:45  Extractor  
  44  9:49  Extractor  
  29  10:20  Overseer  
  29  10:33  Mutalisk x5  
  29  10:34  Mutalisk  
Show
View Real Time Build Order
Export as new Build Order

Ratl Protoss - Winner!

Build Orders:  

Get SALT Encoding   

  12  0:01  Probe  
  13  0:13  Probe  
  14  0:18  Pylon  
  14  0:25  Probe  
  15  0:37  Probe  
  15  0:41  Gateway  
  16  0:49  Probe, Assimilator  
  17  1:01  Probe  
  18  1:13  Probe  
  19  1:25  Probe  
  19  1:27  Assimilator  
  22  1:32  Cybernetics Core  
  20  1:46  Probe  
  20  1:58  Probe, Zealot (Chrono Boost)  
  23  2:09  Warp Gate, Forge  
  23  2:15  Pylon  
  23  2:29  Pylon  
  23  2:33  Probe, Stalker (Chrono Boost)  
  24  2:45  Probe  
  24  2:46  Photon Cannon  
  25  2:51  Protoss Ground Weapons Level 1  
  25  3:10  Probe  
  26  3:21  Nexus  
  26  3:22  Probe  
  27  3:29  Pylon  
  27  3:34  Probe  
  28  3:46  Probe  
  29  3:52  Robotics Facility  
  29  3:58  Probe, Stalker  
  32  4:07  Gateway  
  32  4:09  Gateway  
  32  4:11  Probe  
  33  4:23  Probe  
  34  4:29  Photon Cannon  
  34  4:34  Probe  
  34  4:35  Probe  
  36  4:42  Assimilator  
  36  4:46  Probe, Stalker  
  36  4:47  Probe  
  34  5:03  Photon Cannon  
  34  5:05  Stalker  
  36  5:08  Photon Cannon  
  36  5:09  Stalker  
  38  5:20  Stalker  
  34  5:40  Probe (Chrono Boost)  
  34  5:46  Probe (Chrono Boost)  
  35  5:50  Probe (Chrono Boost)  
  35  5:54  Probe (Chrono Boost)  
  35  5:55  Probe (Chrono Boost), Immortal  
  41  6:04  Probe  
  41  6:05  Protoss Ground Armor Level 1  
  41  6:07  Probe  
  43  6:16  Probe  
  44  6:19  Probe  
  44  6:24  Assimilator  
  45  6:25  Pylon  
  45  6:26  Pylon  
  45  6:29  Probe  
  45  6:31  Probe  
  47  6:34  Observer  
  48  6:41  Probe  
  48  6:44  Probe, Twilight Council  
  50  6:50  Robotics Bay  
  50  6:53  Probe  
  51  6:54  Stalker x2  
  51  6:55  Observer  
  51  6:56  Probe  
  51  6:57  Stalker  
  59  7:05  Probe  
  59  7:08  Probe  
  61  7:13  Photon Cannon  
  61  7:15  Photon Cannon  
  53  7:35  Photon Cannon  
  53  7:39  Immortal (Chrono Boost)  
  54  7:45  Stalker x3  
  60  7:57  Probe x2  
  62  8:09  Dark Shrine  
  62  8:10  Probe x2  
  62  8:11  Immortal  
  68  8:22  Probe x2  
  68  8:26  Protoss Ground Weapons Level 2 (Chrono Boost)  
  70  8:27  Photon Cannon  
  70  8:30  Photon Cannon  
  70  8:31  Photon Cannon  
  70  8:32  Extended Thermal Lance  
  70  8:35  Charge  
  70  8:43  Pylon  
  70  8:56  Pylon  
  70  8:59  Pylon  
  70  9:01  Probe, Immortal  
  75  9:09  Nexus  
  75  9:12  Probe  
  75  9:13  Probe  
  75  9:16  Stalker  
  79  9:21  Dark Templar  
  81  9:25  Probe, Dark Templar  
  84  9:38  Probe x2  
  86  9:50  Probe x2  
  88  9:54  Pylon  
  88  9:57  Pylon, Zealot x3  
  88  9:59  Gateway  
  94  10:04  Gateway  
  94  10:16  Pylon  
  94  10:20  Pylon  
  94  10:21  Dark Templar x2  
  98  10:39  Probe x2  
  98  10:40  Probe  
  101  10:51  Probe  
  102  10:57  Assimilator  
  102  10:59  Assimilator  
  102  11:00  Dark Templar x2  
  102  11:01  Pylon, Dark Templar x2  
  108  11:05  Pylon  
  108  11:15  Stalker  
  108  11:31  Gateway  
  108  11:32  Gateway  
  108  11:33  Stalker  
  108  11:34  Stalker x3  
  108  11:35  Gateway  
  108  11:37  Gateway, Immortal  
  114  12:08  Nexus  
  114  12:10  Dark Templar x5  
Tags
 
League
Silver
Matchup
PvZ
Opening
Pool First
Spawn Locations
Cross Positions
Add a new tag
Caveats
  • Supply blocks, unpowered buildings, or Contaminate may cause inaccurate times.
  • Supply counts are checked every 10 seconds.